 Dungeon Crawl Stone Soup version 0.28-a0-445-g51f8dfeb47 (webtiles) character file.

Game seed: 2904657787947342530

1710 Gargoyl the Skirmisher (level 9, -10/73 HPs)
             Began as a Gnoll Abyssal Knight on Sept 12, 2021.
             Was a Priest of Lugonu.
             Mangled by a wyvern (14 damage)
             ... on level 7 of the Dungeon.
             The game lasted 00:08:07 (7102 turns).

Gargoyl the Skirmisher (Gnoll Abyssal Knight)       Turns: 7102, Time: 00:08:08

Health: -10/73     AC: 14    Str: 14    XL:     9   Next: 3%
Magic:  14/14      EV:  7    Int: 19    God:    Lugonu [***...]
Gold:   179        SH:  5    Dex: 11    Spells: 15/15 levels left

rFire   . . .      SeeInvis .   d - +1 war axe (flame)
rCold   . . .      Faith    .   (no shield)
rNeg    . . .      Spirit   .   e - +0 chain mail
rPois   .          Reflect  +   l - +0 helmet
rElec   .          Harm     .   (no cloak)
rCorr   .          Rampage  .   (no gloves)
Will    .....                   j - +2 pair of boots
Stlth   ..........              c - amulet of reflection
HPRegen 0.22/turn               h - +6 ring of intelligence
MPRegen 0.14/turn               (no ring)

@: no status effects
A: fangs 1, strong nose, distributed training
a: Renounce Religion, Depart the Abyss, Bend Space, Banish


You were on level 7 of the Dungeon.
You worshipped Lugonu.
Lugonu was most pleased with you.
You visited 1 branch of the dungeon, and saw 7 of its levels.
You visited the Abyss 1 time.

You collected 284 gold pieces.
You spent 105 gold pieces at shops.

Inventory:

Hand Weapons
 a - a +1 hand axe
 d - a +1 war axe of flaming (weapon)
Missiles
 g - 3 poisoned darts (quivered)
 t - 8 javelins
Armour
 e - a +0 chain mail (worn)
 j - a +2 pair of boots (worn)
 l - a +0 helmet (worn)
Jewellery
 c - an amulet of reflection (around neck)
 h - a +6 ring of intelligence (left hand)
Wands
 b - a wand of iceblast (22)
 p - a wand of digging (4)
Scrolls
 m - 2 scrolls of teleportation
 s - a scroll of amnesia
Potions
 f - 3 potions of lignification
 i - a potion of invisibility
 k - a potion of flight
 n - a potion of might {unknown}
 o - a potion of heal wounds
 q - a potion of degeneration {unknown}
 r - a potion of brilliance {unknown}


   Skills:
 + Level 7.6 Fighting
 + Level 3.8 Short Blades
 + Level 3.8 Long Blades
 + Level 6.0 Axes
 + Level 3.8 Maces & Flails
 + Level 3.8 Polearms
 + Level 3.8 Staves
 + Level 3.8 Slings
 + Level 3.8 Bows
 + Level 3.8 Crossbows
 + Level 3.8 Throwing
 + Level 6.0 Armour
 + Level 4.6 Dodging
 + Level 3.8 Stealth
 + Level 3.8 Shields
 + Level 3.8 Unarmed Combat
 + Level 3.8 Spellcasting
 + Level 3.1 Conjurations
 + Level 3.1 Hexes
 + Level 3.1 Summonings
 + Level 3.1 Necromancy
 + Level 3.1 Translocations
 + Level 3.1 Transmutations
 + Level 3.1 Fire Magic
 + Level 3.1 Ice Magic
 + Level 3.1 Air Magic
 + Level 3.1 Earth Magic
 + Level 3.1 Poison Magic
 + Level 6.3 Invocations
 + Level 3.8 Evocations


You had 15 spell levels left.
You didn't know any spells.
Your spell library contained the following spells:

 Spells                   Type           Power      Damage    Failure   Level
 Beastly Appendage        Tmut           30%        N/A       58%         1
 Pain                     Necr           60%        1d7       58%         1
 Ensorcelled Hibernation  Hex/Ice        30%        N/A       75%         2
 Wereblood                Tmut           15%        N/A       75%         2
 Spider Form              Tmut/Pois      7%         N/A       92%         3
 Tukima's Dance           Hex            15%        N/A       92%         3
 Agony                    Necr           15%        N/A       100%        5
 Excruciating Wounds      Necr           7%         N/A       100%        5


Dungeon Overview and Level Annotations

Branches:
Dungeon (7/15)             Temple (0/1) D:5

Altars:
Kikubaaqudgha
Nemelex Xobeh
Sif Muna
Wu Jian
Yredelemnul

Shops:
D:2 *


Innate Abilities, Weirdness & Mutations

You have very sharp teeth.
Your uncanny sense of smell can sniff out nearby items.
Your experience applies equally to all skills.


Message History

You hit the wyvern but do no damage.
The wyvern is lightly wounded.
You block the wyvern's attack. The wyvern bites you.
You closely miss the wyvern.
The wyvern is lightly wounded.
The wyvern bites you but does no damage.
You barely miss the wyvern.
The wyvern is lightly wounded.
The wyvern bites you but does no damage.
The wyvern bites you!
You hit the wyvern but do no damage.
The wyvern is lightly wounded.
The wyvern bites you!
The wyvern bites you but does no damage.
You hit the wyvern but do no damage.
The wyvern is lightly wounded.
The wyvern bites you! You block the wyvern's attack.
You hit the wyvern. You burn the wyvern.
The wyvern is moderately wounded.
The wyvern bites you!
* * * LOW HITPOINT WARNING * * *
The wyvern closely misses you.
You hit the wyvern but do no damage. Your bite misses the wyvern.
The wyvern is moderately wounded.
The wyvern bites you but does no damage.
You closely miss the wyvern.
The wyvern is moderately wounded.
The wyvern bites you but does no damage. x2
You barely miss the wyvern.
The wyvern is moderately wounded.
The wyvern bites you!
* * * LOW HITPOINT WARNING * * *
The wyvern bites you.
* * * LOW HITPOINT WARNING * * *
You slash the wyvern! You burn the wyvern.
The wyvern is heavily wounded.
The wyvern bites you.
* * * LOW HITPOINT WARNING * * *
The wyvern bites you!
You die...

######
#<...#
#.@..#
#....l...#
####.....#
####.##
... ###


You could see a wyvern.

Vanquished Creatures
  2 orc warriors (D:6)
  A necrophage (D:5)
  An ogre (D:4)
  2 centaurs
  A bullfrog (D:4)
  A water moccasin zombie (D:5)
  A bullfrog zombie (D:5)
  A centaur zombie (D:6)
  4 orc priests
  A gnoll shaman (D:5)
  A jelly (D:5)
  2 bullfrog skeletons (D:6)
  Terence (D:3)
  5 iguanas
  3 orc wizards
  A mummy (D:5)
  Robin (D:3)
  A howler monkey skeleton (D:6)
  9 gnolls
  6 adders
  A shadow imp (D:3)
  2 adder skeletons
  2 worms
  3 dart slugs
  12 orcs
  4 bats
  6 endoplasms
  4 giant cockroaches
  13 goblins
  9 hobgoblins
  6 jackals (D:2)
  5 kobolds
  4 quokkas
  12 ball pythons
  3 frilled lizards (D:2)
  A hobgoblin zombie (D:5)
  An orc zombie (D:5)
  6 rats
139 creatures vanquished.

Vanquished Creatures (others)
  A ball python (D:3)
  8 plants (D:4)
9 creatures vanquished.

Grand Total: 148 creatures vanquished

Notes
Turn   | Place    | Note
-------+----------+-------------------------------------------
     0 | Abyss:1  | Gargoyl the Gnoll Abyssal Knight began the quest for the
                  | Orb.
     0 | Abyss:1  | Reached XP level 1. HP: 23/23 MP: 3/3
    26 | Abyss:2  | Found a corrupted altar of Lugonu.
   112 | Abyss:3  | Noticed a thrashing horror
   112 | Abyss:3  | Noticed a thrashing horror
   115 | D:1      | Escaped the Abyss
   170 | D:1      | Reached XP level 2. HP: 27/29 MP: 5/5
   314 | D:1      | Reached * piety under Lugonu
   614 | D:1      | Reached XP level 3. HP: 35/35 MP: 6/6
  1057 | D:2      | Reached skill level 1 in Short Blades
  1057 | D:2      | Reached skill level 1 in Long Blades
  1057 | D:2      | Reached skill level 1 in Maces & Flails
  1057 | D:2      | Reached skill level 1 in Polearms
  1057 | D:2      | Reached skill level 1 in Staves
  1057 | D:2      | Reached skill level 1 in Slings
  1057 | D:2      | Reached skill level 1 in Bows
  1057 | D:2      | Reached skill level 1 in Crossbows
  1057 | D:2      | Reached skill level 1 in Throwing
  1057 | D:2      | Reached skill level 1 in Stealth
  1057 | D:2      | Reached skill level 1 in Shields
  1057 | D:2      | Reached skill level 1 in Unarmed Combat
  1057 | D:2      | Reached skill level 1 in Spellcasting
  1057 | D:2      | Reached skill level 1 in Evocations
  1150 | D:2      | Reached XP level 4. HP: 40/41 MP: 7/7
  1403 | D:2      | Found Bafoudidd's Assorted Antiques.
  1414 | D:2      | Bought a large golden amulet for 105 gold pieces
  1467 | D:3      | Noticed Robin
  1475 | D:3      | Killed Robin
  1475 | D:3      | Reached ** piety under Lugonu
  1535 | D:3      | Reached skill level 1 in Conjurations
  1535 | D:3      | Reached skill level 1 in Hexes
  1535 | D:3      | Reached skill level 1 in Summonings
  1535 | D:3      | Reached skill level 1 in Necromancy
  1535 | D:3      | Reached skill level 1 in Translocations
  1535 | D:3      | Reached skill level 1 in Transmutations
  1535 | D:3      | Reached skill level 1 in Fire Magic
  1535 | D:3      | Reached skill level 1 in Ice Magic
  1535 | D:3      | Reached skill level 1 in Air Magic
  1535 | D:3      | Reached skill level 1 in Earth Magic
  1535 | D:3      | Reached skill level 1 in Poison Magic
  1614 | D:3      | Found an ornate altar of the Wu Jian Council.
  1863 | D:3      | Noticed Terence
  1866 | D:3      | Reached XP level 5. HP: 47/47 MP: 8/8
  1877 | D:3      | Killed Terence
  2421 | D:4      | Noticed an ogre
  2430 | D:4      | Killed an ogre
  2431 | D:4      | Reached skill level 5 in Invocations
  2431 | D:4      | Reached XP level 6. HP: 33/53 MP: 9/9
  2629 | D:4      | Reached skill level 5 in Axes
  2629 | D:4      | Reached skill level 5 in Armour
  3104 | D:4      | Reached *** piety under Lugonu
  3192 | D:4      | Reached XP level 7. HP: 59/59 MP: 10/10
  3236 | D:4      | Found a sparkling altar of Nemelex Xobeh.
  3725 | D:5      | Entered Level 5 of the Dungeon
  3835 | D:5      | Reached skill level 7 in Fighting
  3932 | D:5      | Found an ancient bone altar of Kikubaaqudgha.
  4420 | D:5      | Found a staircase to the Ecumenical Temple.
  4426 | D:5      | Reached XP level 8. HP: 42/67 MP: 12/12
  4898 | D:5      | Identified the +4 ring mail of Shielding {Will+}
  5101 | D:5      | Found a basalt altar of Yredelemnul.
  6028 | D:6      | Found a shimmering blue altar of Sif Muna.
  6684 | D:6      | Reached XP level 9. HP: 32/72 MP: 9/14
  7102 | D:7      | Mangled by a wyvern

Illustrated notes

Levels and vault maps discovered:
D:1:      wander_arrival_estate, layout_rooms
D:2:      layout_basic, serial_shops, shop
D:3:      layout_basic, mainiacjoe_overflow_cross_hatched,
          lemuel_another_geyser, uniq_robin, uniq_terence
D:4:      layout_loops_ring, nemelex_spade_bored_becter, chequers_big_river
D:5:      layout_loops_ring, kiku_gazebo_pond_becter,
          mainiacjoe_overflow_alcove_1, minmay_temple_entry_proselytizer,
          nicolae_ossuary_entry_giza
D:6:      layout_basic, mainiacjoe_overflow_alcove_4, serial_corexii_hall,
          corexii_hall_statues_i, corexii_hall_statues_t
D:7:      layout_basic, nicolae_overflow_hidden_temple

Skill      XL: |  1  2  3  4  5  6  7  8 |
---------------+-------------------------+-----
Short Blades   | 1 2 3 |  3.8
Long Blades    | 1 2 3 |  3.8
Maces & Flails | 1 2 3 |  3.8
Polearms       | 1 2 3 |  3.8
Staves         | 1 2 3 |  3.8
Slings         | 1 2 3 |  3.8
Bows           | 1 2 3 |  3.8
Crossbows      | 1 2 3 |  3.8
Throwing       | 1 2 3 |  3.8
Stealth        | 1 2 3 |  3.8
Shields        | 1 2 3 |  3.8
Unarmed Combat | 1 2 3 |  3.8
Spellcasting   | 1 2 3 |  3.8
Evocations     | 1 2 3 |  3.8
Conjurations   | 1 2 3 |  3.1
Hexes          | 1 2 3 |  3.1
Summonings     | 1 2 3 |  3.1
Necromancy     | 1 2 3 |  3.1
Translocations | 1 2 3 |  3.1
Transmutations | 1 2 3 |  3.1
Fire Magic     | 1 2 3 |  3.1
Ice Magic      | 1 2 3 |  3.1
Air Magic      | 1 2 3 |  3.1
Earth Magic    | 1 2 3 |  3.1
Poison Magic   | 1 2 3 |  3.1
Dodging        | 3 4 |  4.6
Invocations    | 5 6 |  6.3
Axes           | 5 6 |  6.0
Armour         | 5 6 |  6.0
Fighting       | 7 |  7.6

Action                   |  1- 3 |  4- 6 |  7- 9 || total
-------------------------+-------+-------+-------++-------
Melee: War axe           |    91 |   169 |   210 ||   470
       Bite              |     8 |     8 |    21 ||    37
       Punch             |       |     1 |     2 ||     3
Throw: Dart              |       |       |     4 ||     4
Invok: Depart the Abyss  |     1 |       |       ||     1
       Banish            |       |       |     2 ||     2
  Use: Scroll            |       |     3 |     6 ||     9
       Potion            |       |       |     2 ||     2
 Stab: Distracted        |       |     1 |       ||     1
Armor: Chain mail        |    87 |   104 |   141 ||   332
Dodge: Dodged            |    30 |    50 |    65 ||   145
Block: Other             |    24 |    39 |    54 ||   117
       Reflection        |     3 |     3 |     1 ||     7

Table legend: (Time is in decaauts)
 A = Elapsed time spent in this place.
 B = Non-inter-level travel time spent in this place.
 C = Inter-level travel time spent in this place.
 D = Time resting spent in this place.
 E = Time spent auto-exploring this place.
 F = Levels seen in this place.
 G = Mean time per level.
                   A        B        C        D        E       F      G
               +--------+--------+--------+--------+--------+-----+--------+
         Total |   7233 |   7074 |    159 |   1416 |   4328 |  10 |  723.3 |
       Dungeon |   7119 |   6960 |    159 |   1416 |   4261 |   7 | 1017.0 |
         Abyss |    114 |    114 |      0 |      0 |     67 |   3 |   38.0 |
               +--------+--------+--------+--------+--------+-----+--------+

Top non-repeatable levels by time:
     D:6: 1928 daAuts
     D:4: 1478 daAuts
     D:5: 1370 daAuts
     D:3: 965 daAuts
     D:1: 710 daAuts
     D:2: 652 daAuts
 Abyss:2: 57 daAuts
 Abyss:3: 32 daAuts
 Abyss:1: 24 daAuts
     D:7: 13 daAuts
